 Dungeon Crawl Stone Soup version 0.28.0 (webtiles) character file.

Game seed: 14937499729383193385

13896 lastplaneout the Grappler (level 11, 0/163 HPs)
             Began as a Troll Berserker on Feb 5, 2022.
             Was a High Priest of Trog.
             Slain by a black mamba (6 damage)
             ... on level 2 of the Lair of Beasts.
             The game lasted 00:27:56 (9882 turns).

lastplaneout the Grappler (Troll Berserker)         Turns: 9882, Time: 00:27:56

Health: 0/163      AC:  8    Str: 30    XL:     11   Next: 81%
Magic:  10/10      EV: 16    Int:  2    God:    Trog [*****.]
Gold:   728        SH:  0    Dex: 10    Spells: 10/10 levels left

rFire   . . .      SeeInvis .   I - +8 spear (freeze)
rCold   . . .      Faith    .   (no shield)
rNeg    + . .      Spirit   .   a - +0 animal skin
rPois   +          Reflect  .   b - +1 hat
rElec   .          Harm     .   G - +2 ratskin cloak {*Rats rPois rN+ Str-1 Int-1 Dex+1}
rCorr   .          Rampage  .   (gloves unavailable)
Will    .....                   (boots unavailable)
Stlth   ..........              (no amulet)
HPRegen 1.17/turn               K - +4 ring of evasion
MPRegen 0.12/turn               (no ring)

@: berserking, very quick
A: large, unfitting armour, claws 3, regeneration 1, shaggy fur 1, tough skin 1
a: Renounce Religion, Berserk, Trog's Hand, Brothers in Arms


You were on level 2 of the Lair of Beasts.
You worshipped Trog.
Trog was extremely pleased with you.
You visited 4 branches of the dungeon, and saw 15 of its levels.

You collected 881 gold pieces.
You spent 153 gold pieces at shops.

Inventory:

Hand Weapons
 I - a +8 spear of freezing (weapon)
Missiles
 v - a throwing net (quivered)
Armour
 a - a +0 animal skin (worn)
 b - a +1 hat (worn)
 G - the +2 ratskin cloak (worn) {*Rats rPois rN+ Str-1 Int-1 Dex+1}
   (You found it on level 7 of the Dungeon)

   When the wearer is hurt, rats may emerge from it to assist them.
   Str:       It affects your strength (-1).
   Int:       It affects your intelligence (-1).
   Dex:       It affects your dexterity (+1).
   rPois:     It protects you from poison.
   rN:        It protects you from negative energy.
Jewellery
 n - a ring of ice
 K - a +4 ring of evasion (left claw)
Wands
 i - a wand of acid (18)
 w - a wand of paralysis (39)
 D - a wand of flame (10)
 H - a wand of iceblast (13)
Scrolls
 c - 2 scrolls of noise {unknown}
 e - 5 scrolls of blinking {unknown}
 k - 3 scrolls of enchant armour {unknown}
 o - 2 scrolls of brand weapon {unknown}
 p - 2 scrolls of amnesia {unknown}
 q - 4 scrolls of torment {unknown}
 r - 6 scrolls of vulnerability {unknown}
 s - 5 scrolls of teleportation
 t - a scroll of acquirement {unknown}
 x - a scroll of holy word {unknown}
 y - 2 scrolls of enchant weapon {unknown}
 z - 2 scrolls of fog {unknown}
 B - 4 scrolls of fear {unknown}
 C - 4 scrolls of summoning {unknown}
 E - a scroll of magic mapping {unknown}
 F - a scroll of immolation {unknown}
Potions
 f - 4 potions of might
 g - 4 potions of invisibility
 h - 2 potions of curing
 j - 5 potions of lignification
 l - a potion of flight {unknown}
 u - 2 potions of mutation
 J - a potion of cancellation {unknown}
Miscellaneous
 A - a piece from Xom's chessboard (15/15)


   Skills:
 - Level 7.1 Fighting
 + Level 0.2 Short Blades
 + Level 0.1(0.2) Long Blades
 + Level 0.1(1.3) Axes
 + Level 0.2(0.3) Maces & Flails
 + Level 2.1 Polearms
 + Level 0.1(1.3) Staves
 + Level 0.1 Slings
 + Level 0.2 Bows
 + Level 0.1 Crossbows
 - Level 9.1 Dodging
 + Level 0.1 Shields
 - Level 14.0 Unarmed Combat
 + Level 0.2 Invocations


You had 10 spell levels left.
You didn't know any spells.
Your spell library was empty.

Dungeon Overview and Level Annotations

Branches:
Dungeon (11/15)            Temple (1/1) D:6            Lair (2/6) D:11
    Orc (1/2) D:10
  Swamp: Lair:2-4    Shoals: Lair:2-4     Snake: Lair:2-4    Spider: Lair:2-4

Altars:
Ashenzari
Dithmenos
Elyvilon
Fedhas
Gozag
Kikubaaqudgha
Makhleb
Nemelex Xobeh
Okawaru
Qazlal
Ru
Sif Muna
Trog
Uskayaw
Wu Jian
Xom
Yredelemnul
The Shining One

Shops:
D:4 ?(*?!   D:5 *:   D:8 (   D:10 :


Innate Abilities, Weirdness & Mutations

You are too large for most types of armour.
You have claws for hands.
Your natural rate of healing is unusually fast.
You are covered in fur. (AC +1)
You have tough skin. (AC +1)


Message History

Your hell rat barely misses the rime drake.
The black mamba barely misses you.
There is a stone staircase leading down here.
The black mamba bites you!
The rime drake barely misses your hell rat.
Your hell rat completely misses the rime drake.
You climb downwards.
Your summoned ally is left behind.
There is a stone staircase leading up here.
You miss the black mamba. The black mamba closely misses you.
The black mamba barely misses you.
You barely miss the black mamba. Your claw misses the black mamba.
The black mamba bites you!
A river rat scurries out from under your cloak.
The black mamba bites you!
You miss the black mamba. The black mamba bites you!
* * * LOW HITPOINT WARNING * * *
The black mamba bites you.
* * * LOW HITPOINT WARNING * * *
Your river rat bites the black mamba.
You miss the black mamba.
The black mamba is lightly wounded.
The black mamba bites you!
* * * LOW HITPOINT WARNING * * *
The black mamba misses you.
Your river rat barely misses the black mamba.
A red film seems to cover your vision as you go berserk!
You feel yourself moving faster!
You feel mighty! The black mamba closely misses you.
Your river rat bites the black mamba.
You completely miss the black mamba.
The black mamba is moderately wounded.
The black mamba bites you.
* * * LOW HITPOINT WARNING * * *
A hell rat scurries out from under your cloak.
The black mamba bites you!
* * * LOW HITPOINT WARNING * * *
A hell rat scurries out from under your cloak.
You puncture the black mamba! You freeze the black mamba.
The black mamba is heavily wounded.
The black mamba bites you.
You die...

### ### ######.## ##@#
#.......# ##rS#
........######rr.#### ##
..........##.^......###.#
........................#
........................#
..(.....###.....).......#
.......###..............#
.......##.................#


You could see a black mamba (ally target), 2 friendly hell rats and a friendly
river rat.

Vanquished Creatures
  Josephine (D:10)
  A hydra (Lair:1)
  2 two-headed ogres (D:10)
  An ugly thing (D:10)
  2 black mambas
  The ghost of Fractals the Skirmisher, a novice HOAr of Gozag (D:5)
  2 cane toads (Lair:1)
  3 komodo dragons
  A hornet (D:8)
  Sigmund (D:2)
  A wyvern (D:11)
  2 wraiths (D:10)
  10 yaks
  A basilisk (D:11)
  A warg (D:10)
  8 water moccasins
  The ghost of RighteousDevil the Digger, an amateur GrEE of Lugonu (D:4)
  6 orc warriors
  A sky beast (D:6)
  2 black bears
  An ice beast (D:6)
  A necrophage (D:7)
  An ogre (D:5)
  6 centaurs
  2 phantoms
  A kobold brigand (D:8)
  A wyvern zombie (D:7)
  3 bullfrogs
  3 scorpions
  A water moccasin zombie (D:5)
  A wyvern skeleton (D:7)
  5 killer bees (D:9)
  A water moccasin skeleton (D:5)
  3 wights (D:8)
  3 howler monkeys
  2 jellies (D:5)
  3 orc priests
  2 gnoll shamans
  5 hounds
  Crazy Yiuf (D:2)
  A bullfrog skeleton (D:6)
  3 centaur zombies
  3 iguanas
  Jessica (D:2)
  6 orc wizards
  2 howler monkey zombies
  9 gnolls
  10 adders
  2 ufetubi (D:5)
  A worm (D:4)
  4 dart slugs
  29 orcs
  6 ball pythons
  11 endoplasms
  8 giant cockroaches
  10 goblins
  9 hobgoblins
  6 jackals
  5 quokkas
  6 bats
  6 frilled lizards
  8 kobolds
  5 rats
245 creatures vanquished.

Vanquished Creatures (collateral kills)
  A centaur warrior (D:9)
  A two-headed ogre (D:11)
  A wraith (D:10)
  A gnoll sergeant (D:8)
  3 gnolls (D:8)
  An orc (D:10)
  A kobold (D:8)
9 creatures vanquished.

Vanquished Creatures (others)
  5 fungi
  16 plants
21 creatures vanquished.

Grand Total: 275 creatures vanquished

Notes
Turn   | Place    | Note
-------+----------+-------------------------------------------
     0 | D:1      | lastplaneout the Troll Berserker began the quest for the
                  | Orb.
     0 | D:1      | Reached XP level 1. HP: 22/22 MP: 0/0
    43 | D:1      | Reached XP level 2. HP: 29/29 MP: 1/1
   415 | D:1      | Reached skill level 4 in Unarmed Combat
   469 | D:1      | Reached ** piety under Trog
   486 | D:1      | Reached XP level 3. HP: 36/36 MP: 2/2
   695 | D:2      | Noticed Sigmund
   834 | D:2      | Found a faded altar of an unknown god.
  1158 | D:3      | Reached XP level 4. HP: 44/44 MP: 3/3
  1163 | D:3      | Reached skill level 5 in Unarmed Combat
  1567 | D:3      | Reached *** piety under Trog
  1764 | D:4      | Found a runed translucent gate.
  1764 | D:4      | Found a runed translucent gate.
  1764 | D:4      | Found a runed translucent gate.
  1769 | D:4      | Noticed RighteousDevil's ghost (amateur GrEE)
  1960 | D:4      | Noticed a phantom
  1976 | D:4      | Killed a phantom
  1977 | D:4      | Reached skill level 6 in Unarmed Combat
  1977 | D:4      | Reached XP level 5. HP: 41/50 MP: 4/4
  2015 | D:4      | Killed RighteousDevil's ghost
  2016 | D:4      | Reached XP level 6. HP: 57/59 MP: 5/5
  2090 | D:4      | Found Fibeneiw's Distillery.
  2110 | D:4      | Bought a potion of lignification for 42 gold pieces
  2110 | D:4      | Bought a potion of might for 56 gold pieces
  2115 | D:4      | Reached skill level 7 in Unarmed Combat
  2120 | D:4      | Found Zaasiy's General Store.
  2144 | D:4      | Bought a scroll of identify for 22 gold pieces
  2354 | D:4      | Found Zietsid's Magic Scroll Emporium.
  2377 | D:4      | Found Mapnishrud's Weapon Shop.
  2441 | D:4      | Found Buen's Magic Scroll Shop.
  2448 | D:4      | Bought a scroll of teleportation for 33 gold pieces
  2591 | D:4      | Found a hide-covered altar of Uskayaw.
  2847 | D:2      | You fall into a shaft and drop 2 floors!
  2998 | D:2      | Noticed Jessica
  3015 | D:2      | Killed Jessica
  3016 | D:2      | Reached skill level 8 in Unarmed Combat
  3144 | D:2      | Killed Sigmund
  3145 | D:2      | Reached XP level 7. HP: 51/66 MP: 6/6
  3405 | D:2      | Found a runed translucent door.
  3406 | D:2      | Noticed Crazy Yiuf
  3411 | D:2      | Killed Crazy Yiuf
  3489 | D:2      | Reached **** piety under Trog
  3731 | D:5      | Entered Level 5 of the Dungeon
  3731 | D:5      | Found Napseffo's Needful Niceties.
  3746 | D:4      | Reached skill level 9 in Unarmed Combat
  3958 | D:5      | Reached XP level 8. HP: 71/74 MP: 7/7
  3975 | D:5      | Found Qoutzarphe's Book Shoppe.
  4021 | D:5      | Found a blossoming altar of Fedhas.
  4141 | D:5      | Found a large runed translucent door.
  4141 | D:5      | Found a large runed translucent door.
  4143 | D:5      | Noticed Fractals's ghost (novice HOAr)
  4162 | D:5      | Reached skill level 10 in Unarmed Combat
  4211 | D:5      | Killed Fractals's ghost
  4270 | D:5      | Reached skill level 11 in Unarmed Combat
  4768 | D:6      | Found a shimmering altar of Xom.
  4835 | D:6      | Reached skill level 12 in Unarmed Combat
  4922 | D:6      | Found a staircase to the Ecumenical Temple.
  4993 | Temple   | Entered the Ecumenical Temple
  5025 | D:6      | Reached XP level 9. HP: 69/80 MP: 8/8
  5432 | D:7      | Found an iron altar of Okawaru.
  5508 | D:7      | Reached skill level 13 in Unarmed Combat
  5724 | D:7      | Found the +2 ratskin cloak {*Rats rPois rN+ Str-1 Int-1
                  | Dex+1}
  6018 | D:8      | Found Cityux's Weapon Shop.
  6268 | D:8      | Reached skill level 14 in Unarmed Combat
  6745 | D:9      | Found a shimmering blue altar of Sif Muna.
  6850 | D:9      | Reached ***** piety under Trog
  6926 | D:9      | Found an opulent altar of Gozag.
  6994 | D:9      | Reached XP level 10. HP: 71/91 MP: 9/9
  7459 | D:9      | Noticed a centaur warrior
  7467 | D:9      | Killed a centaur warrior
  7609 | D:10     | Entered Level 10 of the Dungeon
  7660 | D:10     | Found Fevuff's Self-Improvement Boutique.
  7692 | D:10     | Found a large runed translucent door.
  7692 | D:10     | Found a large runed translucent door.
  7693 | D:10     | Found a staircase to the Orcish Mines.
  7741 | D:10     | Found a broken altar of Ashenzari.
  7753 | D:10     | Found a burning altar of Makhleb.
  7768 | D:10     | Reached skill level 5 in Dodging
  7865 | D:10     | Noticed a two-headed ogre
  7872 | D:10     | Killed a two-headed ogre
  8038 | D:10     | Found a sparkling altar of Nemelex Xobeh.
  8223 | D:10     | Reached skill level 5 in Fighting
  8327 | D:10     | Noticed a two-headed ogre
  8335 | D:10     | Killed a two-headed ogre
  8393 | D:10     | Found an ancient bone altar of Kikubaaqudgha.
  8424 | D:10     | Noticed Josephine
  8433 | D:10     | Killed Josephine
  8434 | D:10     | Reached XP level 11. HP: 80/105 MP: 10/10
  8675 | Orc:1    | Entered Level 1 of the Orcish Mines
  8763 | D:11     | Noticed a brown ugly thing
  8778 | D:10     | Killed a brown ugly thing
  8923 | D:11     | Noticed a two-headed ogre
  8931 | D:11     | Killed a two-headed ogre
  9019 | D:11     | Found a staircase to the Lair.
  9310 | Lair:1   | Entered Level 1 of the Lair of Beasts
  9449 | Lair:1   | Noticed a five-headed hydra
  9460 | Lair:1   | Noticed a seven-headed hydra
  9791 | Lair:1   | Killed a seven-headed hydra
  9851 | Lair:1   | Noticed a four-headed hydra
  9881 | Lair:2   | HP: 5/163 [black mamba (12)]
  9882 | Lair:2   | Slain by a black mamba

Illustrated notes

Levels and vault maps discovered:
D:1:      psy_arrival_whirlpool, layout_loops_ring
D:2:      minmay_chambers_of_ones, layout_loops_ring,
          ebering_ecumenical_altar_mist, uniq_sigmund, uniq_crazy_yiuf_cottage,
          uniq_jessica
D:3:      layout_loops_ring, grunt_decor_clamped
D:4:      layout_loops_ring, nicolae_uskayaw_suspiria, gammafunk_ghost_split,
          serial_shops, shop, nicolae_lakefront_shop, nicolae_square_shop, shop,
          nicolae_shop_window_shopping
D:5:      layout_cave_pods, mainiacjoe_overflow_concentric_impassable,
          ebering_ghost_disaster_area, nicolae_alphabet_shops,
          dk_noncrumbling_3, minmay_shop_grid_forest, nrook_pool_corridor
D:6:      layout_rooms, xom_butterflies, minmay_temple_entry_grid,
          chequers_mini_garden, chequers_serial_rivers_large_b
D:7:      statuecave_lemuel, layout_gridville, okawaru_trees_1
D:8:      layout_gridville, serial_shops, nicolae_shop_bloodbath_and_beyond,
          nicolae_elevator_lobby_asterisk
D:9:      wad_crossroads, layout_irregular_city, mainiacjoe_overflow_brackets,
          nicolae_overflow_hidden_temple
D:10:     layout_basic, mainiacjoe_overflow_alcove_4, lemuel_round_altar,
          jmf_multi_god_temple2, nicolae_twisting_strands,
          nicolae_shop_self_help, uniq_josephine
D:11:     layout_basic, minmay_lair_entry_grove, uniq_harold, uniq_urug
Temple:   nicolae_temple_x_marks_the_god
Lair:1:   layout_regular_city
Lair:2:   layout_cave_pods, uniq_fannar
Orc:1:    layout_caves, serial_shops, nicolae_lakefront_shop, uniq_jorgrun

Skill      XL: |  1  2  3  4  5  6  7  8  9 10 11 |
---------------+----------------------------------+-----
Unarmed Combat | 4 6 8 9 12 14 | 14.0
Dodging        | 3 7 9 |  9.1
Fighting       | 3 5 7 |  7.1
Polearms       | 2 |  2.1
Short Blades   | |  0.2
Long Blades    | |  0.1
Axes           | |  0.1
Maces & Flails | |  0.2
Staves         | |  0.1
Slings         | |  0.1
Bows           | |  0.2
Crossbows      | |  0.1
Shields        | |  0.1
Invocations    | |  0.2

Action                   |  1- 3 |  4- 6 |  7- 9 | 10-12 || total
-------------------------+-------+-------+-------+-------++-------
Melee: Unarmed           |   101 |   129 |   236 |   215 ||   681
       Punch             |     2 |     3 |    10 |    21 ||    36
       Spear             |       |       |       |    10 ||    10
Invok: Berserk           |       |     2 |     4 |     8 ||    14
  Use: Scroll            |       |       |     5 |     1 ||     6
       Potion            |       |       |     2 |     2 ||     4
 Stab: Sleeping          |     1 |     1 |       |       ||     2
Armor: Animal skin       |    19 |    23 |    65 |    72 ||   179
Dodge: Dodged            |    52 |    46 |   123 |   148 ||   369
